 Dungeon Crawl Stone Soup version 0.19.5 (webtiles) character file.

155 JNO the Slasher (level 5, -3/34 HPs)
             Began as a High Elf Skald on Apr 25, 2017.
             Was an Initiate of Okawaru.
             Slain by Farkas's ghost (6 damage)
             ... on level 3 of the Dungeon.
             The game lasted 00:15:58 (4147 turns).

JNO the Slasher (High Elf Skald)                    Turns: 4147, Time: 00:15:58

Health: -3/34      AC:  0    Str: 12    XL:     5   Next: 14%
Magic:  7/10       EV: 12    Int: 15    God:    Okawaru [......]
Gold:   96         SH:  0    Dex: 15    Spells: 4 memorised, 2 levels left

rFire  + . .     SeeInvis .     a - +0 falchion
rCold  . . .     Gourm    .     (no armour)
rNeg   . . .     Faith    .     (no shield)
rPois  .         Spirit   .     (no helmet)
rElec  .         Reflect  .     (no cloak)
rCorr  +         Harm     .     (no gloves)
MR     .....                    (no boots)
Stlth  +.........               (no amulet)
                                s - ring of protection from fire
                                o - ring of resist corrosion

@: slowed, glowing, very slow
A: no striking features
a: Renounce Religion


You were on level 3 of the Dungeon.
You worshipped Okawaru.
Okawaru was noncommittal.
You were not hungry.

You visited 1 branch of the dungeon, and saw 4 of its levels.

You collected 96 gold pieces.

Inventory:

Hand Weapons
 a - a +0 falchion (weapon)
Missiles
 n - 86 stones (quivered)
 q - 16 arrows
 z - 22 sling bullets
Armour
 j - a +0 scale mail
Jewellery
 o - a ring of resist corrosion (left hand)
 s - a ring of protection from fire (right hand)
Scrolls
 d - a scroll of enchant armour {unknown}
 h - a scroll of teleportation {unknown}
 k - 4 scrolls of remove curse
 l - 3 scrolls of identify {unknown}
 p - a scroll of magic mapping {unknown}
 t - 3 scrolls of fear {unknown}
 v - a scroll of blinking {unknown}
 y - a scroll of enchant weapon {unknown}
Potions
 b - a potion of brilliance {unknown}
 e - a potion of cure mutation {unknown}
 g - 2 potions of degeneration {unknown}
 i - a potion of haste {unknown}
 m - 2 potions of lignification {unknown}
 u - a potion of magic {unknown}
 x - a potion of heal wounds {unknown}
 A - a potion of might {unknown}
Books
 c - a book of Battle

   Spells                             Type                      Level
   a - Infusion                       Charms                       1
   b - Shroud of Golubria             Charms/Translocation         2
   c - Song of Slaying                Charms                       2
   d - Spectral Weapon                Hexes/Charms                 3
   e - Regeneration                   Charms/Necromancy            3
Comestibles
 f - 2 meat rations
 r - 3 fruits
 w - a beef jerky


   Skills:
 + Level 2.0 Fighting
 - Level 5.1 Long Blades
 + Level 1.0 Armour
 + Level 1.4 Dodging
 + Level 3.1 Spellcasting
 - Level 4.6 Charms


You had 2 spell levels left.
You knew the following spells:

 Your Spells              Type           Power        Failure   Level  Hunger
a - Infusion              Chrm           ###.         3%          1    #......
b - Song of Slaying       Chrm           ###.....     6%          2    ##.....
c - Shroud of Golubria    Chrm/Tloc      #.........   12%         2    ##.....
d - Spectral Weapon       Hex/Chrm       #.......     24%         3    ###....


Dungeon Overview and Level Annotations

Branches:
Dungeon (4/15)
 Temple: D:4-7

Altars:
Okawaru

Annotations:
D:2 exclusion: downstairs
D:3 Farkas's ghost, amateur SpAM


Message History

Farkas's ghost hits you. Farkas's ghost hits you.
* * * LOW HITPOINT WARNING * * *
Farkas's ghost misses you. Farkas's ghost hits you.
* * * LOW HITPOINT WARNING * * *
Farkas's ghost barely misses you. Farkas's ghost hits you.
* * * LOW HITPOINT WARNING * * *
Casting: Shroud of Golubria
Confirm with . or Enter, or press ? or * to list all spells.
You draw out your weapon's spirit!
Farkas's ghost barely misses you.
You riposte.
You completely miss Farkas's ghost.
Farkas's ghost gestures at you while chanting.
You feel as though you will be slow longer.
Farkas's ghost gestures at you while chanting.
You resist with some effort. Farkas's ghost barely misses you.
Farkas's ghost hits you.
You die...

############ #..........#
####..........# ######
#......<......# .....#
#.(@....).....# [....#
##.W.####.###### .....#
#....# ##W#
.....########..).# #..#
.....#...........###W##
........#####))...##)#
.........# #.....##.########
...)..#.................o.o.#
#....###..#..######....####..


You could see Farkas's ghost and a friendly spectral falchion.

Vanquished Creatures
  Terence (D:3)
  2 adders
  2 oozes (D:1)
  3 worms
  3 dart slugs
  2 leopard geckos (D:1)
  An orc (D:3)
  A ball python (D:1)
  12 bats
  3 giant cockroaches
  9 goblins
  8 hobgoblins
  7 jackals (D:1)
  A quokka (D:3)
  4 frilled lizards
  8 kobolds
  12 rats
79 creatures vanquished.

Notes
Turn   | Place    | Note
-------+----------+-------------------------------------------
     0 | D:1      | JNO the High Elf Skald began the quest for the Orb.
     0 | D:1      | Reached XP level 1. HP: 14/14 MP: 4/4
    61 | D:1      | Reached XP level 2. HP: 18/19 MP: 3/6
   417 | D:1      | Reached skill level 3 in Long Blades
   493 | D:1      | Reached XP level 3. HP: 19/24 MP: 8/8
   566 | D:1      | Learned a level 2 spell: Song of Slaying
  1616 | D:2      | Reached XP level 4. HP: 29/29 MP: 7/9
  1735 | D:2      | Reached skill level 4 in Long Blades
  2337 | D:2      | Learned a level 2 spell: Shroud of Golubria
  2341 | D:2      | Learned a level 3 spell: Spectral Weapon
  2583 | D:3      | Noticed Terence
  2779 | D:3      | Killed Terence
  2779 | D:3      | Reached skill level 5 in Long Blades
  2779 | D:3      | Reached XP level 5. HP: 31/34 MP: 3/10
  2844 | D:3      | Found an iron altar of Okawaru.
  2867 | D:3      | Became a worshipper of Warmaster Okawaru
  3005 | D:3      | Noticed Farkas's ghost (amateur SpAM)
  3722 | D:3      | Reached skill level 1 in Armour
  4147 | D:3      | Slain by Farkas's ghost

Skill      XL: |  1  2  3  4  5 |
---------------+----------------+-----
Charms         | 4 |  4.6
Long Blades    | 3 5 |  5.1
Spellcasting   | 3 |  3.1
Armour         | 1 |  1.0
Fighting       | |  2.0
Dodging        | |  1.4

Action                   |  1- 3 |  4- 6 || total
-------------------------+-------+-------++-------
Melee: Falchion          |   112 |   183 ||   295
 Cast: Infusion          |     5 |     5 ||    10
       Song of Slaying   |     7 |     4 ||    11
       Shroud of Golubri |       |     5 ||     5
       Spectral Weapon   |       |     1 ||     1
  Use: Scroll            |       |     1 ||     1
  Eat: Chunk             |     3 |     3 ||     6
       Bread ration      |       |     1 ||     1
       Beef jerky        |       |     1 ||     1
Armor: Leather armour    |    37 |     9 ||    46
       Plate armour      |       |   103 ||   103
       Scale mail        |       |     4 ||     4
Dodge: Dodged            |    78 |    76 ||   154
       Rpst.: Falchion   |    34 |    23 ||    57
